 Dungeon Crawl Stone Soup version 0.20-a0-641-g673355a (webtiles) character file.

167 Kiturien the Chopper (level 5, 0/46 HPs)
             Began as a Hill Orc Fighter on Feb 13, 2017.
             Was a Follower of Uskayaw.
             Succumbed to Dragon983's ghost's poison
             ... on level 4 of the Dungeon.
             The game lasted 00:05:56 (2835 turns).

Kiturien the Chopper (Hill Orc Fighter)             Turns: 2835, Time: 00:05:56

Health: 0/46       AC:  5    Str: 20    XL:     5   Next: 48%
Magic:  3/5        EV:  8    Int:  8    God:    Uskayaw [*.....]
Gold:   245        SH:  8    Dex: 10    Spells: 4/4 levels left

rFire    . . .     SeeInvis .   a - +0 war axe
rCold    . . .     Gourm    .   j - +0 ring mail (curse)
rNeg     . . .     Faith    .   c - +0 shield
rPois    .         Spirit   .   (no helmet)
rElec    .         Reflect  .   (no cloak)
rCorr    .         Harm     .   (no gloves)
MR       .....                  (no boots)
Stlth    ..........             o - amulet of regeneration
Regen    0.6/turn               (no ring)
MPRegen  0.1/turn               (no ring)

@: lethally poisoned (0 -> -13), drained
A: no striking features
a: Stomp, Renounce Religion


You were on level 4 of the Dungeon.
You worshipped Uskayaw.
Uskayaw was noncommittal.
You were hungry.

You visited 1 branch of the dungeon, and saw 4 of its levels.

You collected 245 gold pieces.

Inventory:

Hand Weapons
 a - a +0 war axe (weapon)
Armour
 b - a +0 scale mail
 c - a +0 shield (worn)
 j - a cursed +0 ring mail (worn)
Jewellery
 o - an amulet of regeneration (around neck)
Wands
 m - a wand of scattershot (3/9)
Scrolls
 e - 3 scrolls of magic mapping {unknown}
 g - 4 scrolls of identify
 h - 2 scrolls of immolation {unknown}
 l - 2 scrolls of remove curse {unknown}
 n - a scroll of enchant weapon {unknown}
 p - a scroll of teleportation {unknown}
Potions
 d - a potion of might
 q - a potion of berserk rage {unknown}
Comestibles
 f - 3 bread rations
 i - 2 royal jellies
 r - a chunk of flesh


   Skills:
 + Level 4.3(3.1) Fighting
 + Level 5.1(3.9) Axes
 + Level 4.2(3.1) Armour
 + Level 0.7(0.0) Dodging
 + Level 3.8(2.7) Shields


You had 4 spell levels left.
You didn't know any spells.

Dungeon Overview and Level Annotations

Branches:
Dungeon (4/15)
 Temple: D:4-7

Altars:
Gozag
Uskayaw

Annotations:
D:4 Dragon983's ghost, amateur OpAs


Message History

You feel sick.
Dragon983's ghost hits you but does no damage.
You are lethally poisoned!
You block Dragon983's ghost's attack.
You miss Dragon983's ghost.
Dragon983's ghost is severely damaged.
* * * LOW HITPOINT WARNING * * *
You feel very sick. Dragon983's ghost closely misses you.
You miss Dragon983's ghost.
Dragon983's ghost is severely damaged.
* * * LOW HITPOINT WARNING * * *
You feel sick.
Dragon983's ghost hits you but does no damage.
Dragon983's ghost hits you.
* * * LOW HITPOINT WARNING * * *
You are more poisoned.
You completely miss Dragon983's ghost.
Dragon983's ghost is severely damaged.
You die...

.## ## #... .#..
##.... ....# #....
...###.... ......#
#W..# #@# ..# #%##
.... #..# ... ##.##
..# #..### #.#
##....##.#
..##...##...#####
....######.....#####
#..# #.#.......#


You could see Dragon983's ghost.

Vanquished Creatures
  An iguana (D:4)
  7 adders
  An ooze (D:3)
  A worm (D:4)
  7 leopard geckos
  2 giant cockroaches
  3 goblins
  8 hobgoblins
  6 jackals
  6 kobolds
  3 quokkas
  10 bats
  2 frilled lizards
  A leopard gecko skeleton (D:4)
  A quokka skeleton (D:4)
  8 rats
67 creatures vanquished.

Notes
Turn   | Place    | Note
-------+----------+-------------------------------------------
     0 | D:1      | Kiturien the Hill Orc Fighter began the quest for the Orb.
     0 | D:1      | Reached XP level 1. HP: 19/19 MP: 1/1
   114 | D:1      | Reached XP level 2. HP: 27/27 MP: 2/2
   491 | D:1      | Reached skill level 3 in Axes
   529 | D:1      | Reached XP level 3. HP: 32/33 MP: 3/3
  1022 | D:2      | Reached XP level 4. HP: 15/40 MP: 4/4
  1588 | D:2      | Noticed a hand axe
  1589 | D:2      | Noticed a dagger
  1614 | D:2      | Found a hide-covered altar of Uskayaw.
  1724 | D:2      | Became a worshipper of Uskayaw the Reveler
  1805 | D:3      | Reached * piety under Uskayaw
  1809 | D:3      | Reached skill level 4 in Axes
  1852 | D:3      | Reached ** piety under Uskayaw
  2088 | D:3      | Reached XP level 5. HP: 38/46 MP: 5/5
  2234 | D:3      | Found an opulent altar of Gozag.
  2813 | D:4      | Noticed Dragon983's ghost (amateur OpAs)
  2814 | D:4      | Reached skill level 5 in Axes
  2827 | D:4      | HP: 2/46 [poisoned by Dragon983's ghost]
  2834 | D:4      | HP: 2/46 [Dragon983's ghost (1)]
  2835 | D:4      | Succumbed to Dragon983's ghost's poison

Vault maps used:
D:1:      matt_arrival_grand_opening
D:2:      dancing_weapons_uskayaw
D:3:      nicolae_overflow_hidden_temple, first_bread
D:4:      serial_glass, glass_columns_b, glass_columns_a, glass_columns_c,
          glass_columns_a, item_on_display_a, uniq_blork_the_orc,
          uniq_crazy_yiuf_cottage, uniq_sigmund

Skill      XL: |  1  2  3  4  5 |
---------------+----------------+-----
Fighting       | 4 |  4.3
Axes           | 3 4 5 |  5.1
Armour         | 4 |  4.2
Dodging        | |  0.7
Shields        | |  3.8

Action                   |  1- 3 |  4- 6 || total
-------------------------+-------+-------++-------
Melee: War axe           |   103 |   131 ||   234
Invok: Stomp             |       |     1 ||     1
  Use: Scroll            |     2 |     1 ||     3
       Potion            |       |     1 ||     1
  Eat: Chunk             |       |     6 ||     6
Armor: Scale mail        |    53 |       ||    53
       Ring mail         |       |    51 ||    51
Dodge: Dodged            |    38 |    53 ||    91
Block: Shield            |    59 |    47 ||   106
